 Dungeon Crawl Stone Soup version 0.28-a0-925-gd5e1996cdb (webtiles) character file.

Game seed: 13476918599741217877

5540 mcbry74 the Grappler (level 10, -8/88 HPs)
             Began as a Troll Berserker on Nov 26, 2021.
             Was an Elder of Trog.
             Mangled by a manticore (18 damage)
             ... on level 9 of the Dungeon.
             The game lasted 00:24:02 (6842 turns).

mcbry74 the Grappler (Troll Berserker)              Turns: 6842, Time: 00:24:03

Health: -8/88      AC:  7    Str: 29    XL:     10   Next: 43%
Magic:  9/9        EV: 15    Int:  4    God:    Trog [****..]
Gold:   320        SH:  0    Dex:  9    Spells: 9/9 levels left

rFire   . . .      SeeInvis .     - Unarmed
rCold   . . .      Faith    +   (no shield)
rNeg    . . .      Spirit   .   g - +0 steam dragon scales
rPois   +          Reflect  .   (helmet restricted)
rElec   .          Harm     .   (no cloak)
rCorr   .          Rampage  .   (gloves unavailable)
Will    ++...                   (boots unavailable)
Stlth   +.........              o - amulet of faith
HPRegen 2.04/turn               l - ring of poison resistance
MPRegen 0.11/turn               n - +4 ring of evasion

@: strong-willed, regenerating
A: large, unfitting armour, claws 3, regeneration 1, shaggy fur 1, tough skin 1
a: Renounce Religion, Berserk, Trog's Hand, Brothers in Arms


You were on level 9 of the Dungeon.
You worshipped Trog.
Trog was greatly pleased with you.
You visited 1 branch of the dungeon, and saw 9 of its levels.

You collected 320 gold pieces.

Inventory:

Hand Weapons
 s - a +4 scimitar of flaming
 t - a +2 whip of electrocution
 u - the +6 whip of Gucoacso {speed, rElec rPois Dex+2 Stlth+}
   (You found it on level 4 of the Dungeon)

   Attacks with this weapon are significantly faster.
   Dex:       It affects your dexterity (+2).
   rElec:     It insulates you from electricity.
   rPois:     It protects you from poison.
   Stlth:     It makes you more stealthy.
 v - a +1 giant spiked club
 N - a +2 war axe of flaming
Missiles
 e - 3 curare-tipped darts (quivered)
 h - 278 stones
 x - a throwing net
 D - 47 poisoned darts
 J - 6 boomerangs
 K - a boomerang of dispersal
Armour
 a - a +1 animal skin
 b - a +0 tower shield
 g - +0 steam dragon scales (worn)
Jewellery
 l - a ring of poison resistance (left claw)
 m - an amulet of magic regeneration
 n - a +4 ring of evasion (right claw)
 o - an amulet of faith (around neck)
 p - an amulet of reflection
 q - a ring of see invisible
 r - a ring of positive energy
 I - a +6 ring of dexterity
 L - a ring of fire
Wands
 k - a wand of iceblast (18)
 y - a wand of digging (4)
Scrolls
 c - 2 scrolls of vulnerability
 d - 2 scrolls of teleportation
 i - a scroll of enchant armour
 A - 2 scrolls of enchant weapon
 E - a scroll of noise
 M - a scroll of torment {unknown}
 O - 2 scrolls of amnesia {unknown}
Potions
 f - 4 potions of curing
 j - 2 potions of magic
 w - a potion of ambrosia {unknown}
 z - a potion of invisibility
 B - a potion of degeneration {unknown}
 C - 2 potions of attraction {unknown}
 F - 2 potions of lignification {unknown}
 G - 2 potions of flight {unknown}
 H - a potion of heal wounds


   Skills:
 - Level 2.4 Fighting
 + Level 5.7 Maces & Flails
 + Level 7.3 Dodging
 * Level 12.0 Unarmed Combat


You had 9 spell levels left.
You didn't know any spells.
Your spell library was empty.

Dungeon Overview and Level Annotations

Branches:
Dungeon (9/15)             Temple (0/1) D:6
   Lair: D:8-11         Orc: D:9-12

Altars:
Fedhas
Yredelemnul

Shops:
D:5 *


Innate Abilities, Weirdness & Mutations

You are too large for most types of armour.
You have claws for hands.
Your natural rate of healing is unusually fast.
You are covered in fur. (AC +1)
You have tough skin. (AC +1)


Message History

The barbs in your skin will harm you if you move.
Continue?
Okay, then.
The manticore flicks its tail.
The volley of spikes hits you!
The barbed spikes become lodged in your body.
You hit the manticore.
The manticore is lightly wounded.
The manticore bites you! The manticore barely misses you. x2
You barely miss the manticore.
The manticore is lightly wounded.
The manticore bites you! The manticore claws you.
The manticore barely misses you.
You hit the manticore.
The manticore is moderately wounded.
You hit the manticore.
The manticore is moderately wounded.
The manticore bites you!
* * * LOW HITPOINT WARNING * * *
The manticore claws you.
* * * LOW HITPOINT WARNING * * *
The manticore completely misses you.
Okay, then.
Your skin crawls.
You feel strong-willed. The manticore closely misses you.
The manticore claws you.
* * * LOW HITPOINT WARNING * * *
The manticore claws you.
* * * LOW HITPOINT WARNING * * *
You are now empty-clawed.
You scratch the manticore.
The manticore is moderately wounded.
You carefully extract the barbed spikes from your body.
The manticore bites you!
* * * LOW HITPOINT WARNING * * *
The manticore barely misses you.
The manticore claws you but does no damage.
You scratch the manticore but do no damage.
The manticore is moderately wounded.
The manticore bites you!!
You die...

.......
#####........+
#.......#
#...'........#
#.......#
#.###........#
#.......###.#
#........#
#.......#...#
#........#
#.......#.###
#........#
#.......#.#
#........#
#.......'.#
#........#
#......@###
#.......<#
#......H#
#######+##
#.......#
#.......#
######+##


You could see a manticore.

Vanquished Creatures
  Erica (D:8)
  Pikel (D:5)
  Maggie (D:8)
  A komodo dragon (D:5)
  Grinder (D:6)
  Sigmund (D:5)
  A wyvern (D:8)
  Eustachio (D:5)
  2 steam dragons
  3 water moccasins
  2 black bears
  3 ice beasts
  An orc warrior (D:7)
  2 sky beasts (D:6)
  An ogre (D:7)
  2 centaurs
  A phantom (D:7)
  2 kobold brigands
  A bullfrog (D:4)
  A scorpion (D:6)
  A water moccasin skeleton (D:5)
  4 killer bees (D:7)
  5 wights (D:6)
  2 howler monkeys (D:7)
  A bullfrog zombie (D:6)
  4 orc priests
  3 bullfrog skeletons
  A gnoll shaman (D:7)
  4 hounds
  A jelly (D:6)
  A centaur skeleton (D:7)
  8 orc wizards
  4 iguanas
  A hound skeleton (D:4)
  8 adders
  6 gnolls
  2 white imps (D:6)
  2 worms
  2 dart slugs
  23 orcs
  10 ball pythons
  11 bats
  4 endoplasms
  A giant cockroach (D:1)
  15 goblins
  2 hobgoblins
  5 jackals (D:2)
  3 quokkas
  2 frilled lizards
  15 kobolds
  2 rats (D:2)
182 creatures vanquished.

Notes
Turn   | Place    | Note
-------+----------+-------------------------------------------
     0 | D:1      | mcbry74 the Troll Berserker began the quest for the Orb.
     0 | D:1      | Reached XP level 1. HP: 22/22 MP: 0/0
    82 | D:1      | Found a faded altar of an unknown god.
   168 | D:1      | Reached XP level 2. HP: 29/29 MP: 1/1
   852 | D:1      | Reached ** piety under Trog
   965 | D:2      | Reached XP level 3. HP: 36/36 MP: 2/2
  1003 | D:2      | Reached skill level 4 in Unarmed Combat
  1143 | D:2      | Reached XP level 4. HP: 21/44 MP: 3/3
  1413 | D:2      | Found a blossoming altar of Fedhas.
  1820 | D:3      | You fall into a shaft and drop 3 floors!
  1851 | D:6      | Reached skill level 5 in Unarmed Combat
  1851 | D:6      | Reached XP level 5. HP: 39/50 MP: 4/4
  1895 | D:6      | Noticed a water moccasin
  1905 | D:6      | Killed a water moccasin
  1906 | D:6      | Reached skill level 6 in Unarmed Combat
  1906 | D:6      | Reached XP level 6. HP: 43/59 MP: 5/5
  2165 | D:6      | Found a staircase to the Ecumenical Temple.
  2285 | D:6      | Noticed Grinder
  2285 | D:6      | Paralysed by Grinder for 5 turns
  2307 | D:6      | Killed Grinder
  2308 | D:6      | Reached skill level 7 in Unarmed Combat
  2308 | D:6      | Reached XP level 7. HP: 57/66 MP: 6/6
  2646 | D:5      | Entered Level 5 of the Dungeon
  2704 | D:5      | HP: 3/66 [orc wizard/puff of flame (11)]
  2795 | D:4      | Found a basalt altar of Yredelemnul.
  2795 | D:4      | Identified the +6 whip of Gucoacso {speed, rElec rPois
                  | Dex+2 Stlth+}
  2968 | D:3      | Reached *** piety under Trog
  3006 | D:3      | Reached skill level 8 in Unarmed Combat
  3605 | D:4      | Reached skill level 5 in Dodging
  3685 | D:4      | Reached skill level 1 in Maces & Flails
  3685 | D:4      | Reached XP level 8. HP: 66/74 MP: 7/7
  4169 | D:5      | Noticed Eustachio
  4172 | D:5      | Noticed Pikel
  4181 | D:5      | Killed Eustachio
  4184 | D:5      | Killed Pikel
  4185 | D:5      | Reached skill level 9 in Unarmed Combat
  4329 | D:5      | Noticed a komodo dragon
  4344 | D:5      | Killed a komodo dragon
  4345 | D:5      | Reached XP level 9. HP: 49/80 MP: 8/8
  4452 | D:5      | Reached skill level 10 in Unarmed Combat
  4741 | D:5      | Found Lohub's Assorted Antiques.
  4753 | D:5      | Noticed Sigmund
  4775 | D:5      | Killed Sigmund
  5032 | D:6      | Reached **** piety under Trog
  5460 | D:7      | Reached skill level 11 in Unarmed Combat
  5871 | D:7      | Reached skill level 5 in Maces & Flails
  5957 | D:7      | Reached XP level 10. HP: 78/88 MP: 9/9
  6288 | D:8      | Noticed Erica
  6300 | D:8      | Killed Erica
  6515 | D:8      | Noticed Maggie
  6525 | D:8      | Killed Maggie
  6526 | D:8      | Reached skill level 12 in Unarmed Combat
  6829 | D:9      | Noticed a manticore
  6842 | D:9      | Mangled by a manticore

Illustrated notes

Levels and vault maps discovered:
D:1:      zelgadis_glass_arrival_large, layout_loops_corners,
          chequers_ecumenical_altar_island
D:2:      layout_basic, basic_altar
D:3:      layout_basic
D:4:      layout_rooms, old_standard_altar
D:5:      layout_basic, serial_shops, shop, uniq_sigmund, uniq_pikel,
          uniq_eustachio
D:6:      layout_loops_ring, minmay_temple_entry_glass, minmay_misc_feat_rugged,
          grunt_ministairs_11, uniq_grinder
D:7:      wander_river, layout_loops_ring, chequers_serial_rivers_large_b
D:8:      layout_cave_pools, kennysheep_doodads, uniq_erica, uniq_maggie
D:9:      layout_roguey

Skill      XL: |  1  2  3  4  5  6  7  8  9 10 |
---------------+-------------------------------+-----
Unarmed Combat | 4 5 6 7 8 9 11 12 | 12.0
Dodging        | 3 4 5 6 7 |  7.3
Maces & Flails | 1 3 5 |  5.7
Fighting       | |  2.4

Action                   |  1- 3 |  4- 6 |  7- 9 | 10-12 || total
-------------------------+-------+-------+-------+-------++-------
Melee: Unarmed           |    84 |   109 |   306 |    49 ||   548
       Punch             |     3 |     2 |    11 |     4 ||    20
       Whip              |       |       |       |    14 ||    14
Throw: Dart              |       |       |     3 |       ||     3
Invok: Trog's Hand       |       |     1 |     3 |     3 ||     7
       Berserk           |       |       |     1 |       ||     1
  Use: Scroll            |       |     1 |     8 |       ||     9
 Stab: Sleeping          |     1 |     1 |     1 |       ||     3
Armor: Animal skin       |    35 |    29 |    44 |       ||   108
       Steam dragon scal |       |       |       |    17 ||    17
Dodge: Dodged            |    30 |    40 |   145 |    46 ||   261

Table legend: (Time is in decaauts)
 A = Elapsed time spent in this place.
 B = Non-inter-level travel time spent in this place.
 C = Inter-level travel time spent in this place.
 D = Time resting spent in this place.
 E = Time spent auto-exploring this place.
 F = Levels seen in this place.
 G = Mean time per level.
                   A        B        C        D        E       F      G
               +--------+--------+--------+--------+--------+-----+--------+
         Total |   6813 |   6422 |    391 |    544 |   4418 |   9 |  757.0 |
       Dungeon |   6813 |   6422 |    391 |    544 |   4418 |   9 |  757.0 |
               +--------+--------+--------+--------+--------+-----+--------+

Top non-repeatable levels by time:
     D:6: 1345 daAuts
     D:5: 1046 daAuts
     D:1: 926 daAuts
     D:7: 904 daAuts
     D:2: 839 daAuts
     D:3: 610 daAuts
     D:4: 604 daAuts
     D:8: 502 daAuts
     D:9: 34 daAuts
